 Dungeon Crawl Stone Soup version 0.27.1-33-g824d729ab1 (webtiles) character file.

Game seed: 6370377796974178630

59885 Kaptain the Fighter (level 14, -1/186 HPs)
             Began as a White Draconian Earth Elementalist on Dec 24, 2021.
             Succumbed to Nessos's poison
             ... on level 4 of the Lair of Beasts.
             The game lasted 00:58:28 (22312 turns).

Kaptain the Fighter (DrEE)                         Turns: 22312, Time: 00:58:28

Health: -1/186     AC: 27    Str: 12    XL:     14   Next: 54%
Magic:  18/28      EV:  2    Int: 29    God:
Gold:   866        SH:  0    Dex: 12    Spells: 18/33 levels left

rFire    . . .     SeeInvis .   d - staff of conjuration
rCold    . . .     Faith    .   (no shield)
rNeg     + + +     Spirit   .   (armour unavailable)
rPois    +         Reflect  .   (helmet currently unavailable)
rElec    .         Harm     .   (cloak currently unavailable)
rCorr    .         Rampage  .   (gloves currently unavailable)
Will     +....     NoTele   +   (boots currently unavailable)
Stlth    ++++......             (no amulet)
HPRegen  0.41/turn              f - +6 ring of intelligence
MPRegen  0.21/turn              w - +6 ring of intelligence

@: lethally poisoned (-1 -> -7), tree-form, very slightly contaminated, hasted,
invisible, very quick
A: stationary, stasis, torment immunity, boosted hp, (breathe frost), AC +8,
unfitting armour, (cold resistance 1), (cold-blooded), (stinger 1), dopey 1,
sense surroundings 1, subdued magic 1
a: no special abilities


You were on level 4 of the Lair of Beasts.
You were a tree.
You visited 3 branches of the dungeon, and saw 15 of its levels.

You collected 866 gold pieces.

Inventory:

Hand Weapons
 i - a +4 falchion of freezing
 G - a +2 flail of holy wrath
 L - a +1 trident of flaming
Missiles
 a - 8 throwing nets
 b - 6 stones
Armour
 h - a +0 kite shield
 E - a scarf of resistance (melded)
 O - a +2 pair of boots (melded)
Magical Staves
 d - a staff of conjuration (weapon)
Jewellery
 f - a +6 ring of intelligence (left branch)
 s - a ring of poison resistance
 w - a +6 ring of intelligence (right branch)
 z - a +4 ring of slaying
 B - a ring of fire
 M - a ring of wizardry
Wands
 u - a wand of flame (31)
 J - a wand of mindburst (7)
 N - a wand of iceblast (6)
Scrolls
 l - 4 scrolls of blinking
 m - 2 scrolls of enchant weapon
 o - 2 scrolls of acquirement
 p - 2 scrolls of fog
 q - 2 scrolls of teleportation
 y - 3 scrolls of magic mapping
 C - a scroll of amnesia
 F - a scroll of summoning
 H - a scroll of enchant armour {unknown}
Potions
 c - a potion of magic
 j - 2 potions of invisibility
 k - 5 potions of lignification
 t - a potion of might
 v - 4 potions of brilliance
 A - a potion of berserk rage


   Skills:
 * Level 11.5 Fighting
 + Level 7.2 Dodging
 + Level 7.9 Stealth
 * Level 3.4 Shields
 * Level 10.3 Spellcasting
 * Level 10.6 Conjurations
 + Level 3.2 Transmutations
 - Level 2.7 Ice Magic
 * Level 11.2 Earth Magic


You had 18 spell levels left.
You knew the following spells:

 Your Spells              Type           Power      Damage    Failure   Level
a - Sandblast             Erth           100%       2d20      1%          1
b - Stone Arrow           Conj/Erth      100%       3d13      1%          3
c - Swiftness             Air            11%        N/A       9%          3
d - Mephitic Cloud        Conj/Pois/Air  41%        N/A       1%          3
e - Freeze                Ice            92%        1d10      1%          1
f - Sticky Flame          Conj/Fire      52%        2d7       3%          4

Your spell library contained the following spells:

 Spells                   Type           Power      Damage    Failure   Level
 Magic Dart               Conj           100%       1d8       1%          1
 Shock                    Conj/Air       100%       1d9       1%          1
 Passwall                 Tmut/Erth      35%        N/A       1%          2
 Static Discharge         Conj/Air       52%        N/A       1%          2
 Hailstorm                Conj/Ice       58%        3d13      1%          4
 Petrify                  Tmut/Erth      43%        N/A       1%          4
 Frozen Ramparts          Ice            46%        1d6       2%          3
 Fulminant Prism          Conj/Hex       26%        3d14      3%          4
 Call Imp                 Summ           11%        N/A       4%          2
 Borgnjor's Vile Clutch   Necr/Erth      18%        N/A       8%          5
 Portal Projectile        Hex/Tloc       22%        N/A       9%          3
 Fireball                 Conj/Fire      26%        3d12      10%         5
 Blade Hands              Tmut           12%        N/A       22%         5
 Airstrike                Air            5%         N/A       32%         4
 Dispel Undead            Necr           11%        3d9       32%         4
 Alistair's Intoxication  Tmut/Pois      12%        N/A       41%         5
 Excruciating Wounds      Necr           5%         N/A       67%         5
 Eringya's Noxious Bog    Tmut/Pois      9%         N/A       95%         6
 Chain Lightning          Conj/Air       26%        3d34      100%        9


Dungeon Overview and Level Annotations

Branches:
Dungeon (10/15)            Temple (1/1) D:5            Lair (4/6) D:8
 Shoals (0/4) Lair:2       Spider (0/4) Lair:3          Orc (0/2) D:10

Altars:
Ashenzari
Cheibriados
Dithmenos
Elyvilon
Fedhas
Gozag
Hepliaklqana
Kikubaaqudgha
Makhleb
Nemelex Xobeh
Okawaru
Qazlal
Ru
Sif Muna
Trog
Uskayaw
Vehumet
Wu Jian
Xom
Yredelemnul
Zin
The Shining One
Beogh

Shops:
D:1 *   D:5 =!(?=   D:6 (=[


Innate Abilities, Weirdness & Mutations

You are a tree.
Your roots penetrate the ground, keeping you stationary.
You cannot be teleported.
You are immune to unholy pain and torment.
Your maximum health is greatly increased.
Your equipment is partially melded.
((You can breathe waves of freezing cold which knock back foes.))
((Your icy white scales are hard. (AC +8)))
You cannot fit into any form of body armour.
((Your flesh is cold resistant. (rC+)))
((You are cold-blooded and may be slowed by cold attacks.))
((Your tail ends in a poisonous barb.))
You are dopey. (Int -2)
You passively map a small area around you.
Your spells are a little easier to cast, but a little less powerful.


Message History

Your Earth Magic skill increases to level 11!
You have reached level 14!
* * * LOW HITPOINT WARNING * * *
You feel very sick.
Nessos shoots an arrow.
The arrow completely misses you.
Okay, then.
Casting: Stone Arrow (safe; 1% risk of failure)
Confirm with . or Enter, or press ? or * to list all spells.
Aiming: Stone Arrow (safe; 1% risk of failure)
Press: ? - help, Shift-Dir - straight line, f/p - Nessos
Aim: Nessos, wielding a +2 longbow of flaming, wearing a +0 barding and quivering arrows (severely wounded, 87% to hit)
You feel a surge of power!
The stone arrow hits Nessos!!
You kill Nessos!
* * * LOW HITPOINT WARNING * * *
You feel very sick.
Really quaff the potion of mutation?
You feel extremely strange. The antennae on your head shrink away.
Your talons dull and shrink into feet.
A poisonous barb forms on the end of your tail.
You feel clever.
* * * LOW HITPOINT WARNING * * *
You feel very sick.
Okay, then.
It was a potion of haste.
You feel yourself speed up.
* * * LOW HITPOINT WARNING * * *
You feel very sick.
Really quaff the potion of lignification?
You turn into a tree.
Your scarf of resistance melds into your body.
Your +2 pair of boots melds into your body.
You feel hot and cold all over.
Your roots penetrate the ground.
* * * LOW HITPOINT WARNING * * *
You feel sick.
Really quaff the potion of mutation?
You feel extremely strange.
You feel stupid. The barb on your tail disappears.
You feel stupid.
A poisonous barb forms on the end of your tail.
Your connection to magic feels subdued.
You feel a strange attunement to the structure of the dungeons.
You die...

# * ######## #### ###
PP##P###.##.#.###..####P###
...........................
.........†♣..).............
###....##.#P.###...........
* ,
#....*####..##.....P.+### ,
#..h.. ##....#.........##
....... #.......^....#....
..#..).**#....#......P#....
..## . ....c,
#######........... .....
##.... ** .......##....
...P. #.......#..#.


There were no monsters in sight!

Vanquished Creatures
  Nessos (Lair:4)
  Harold (D:9)
  Erolcha (D:9)
  3 hydras
  A two-headed ogre (D:9)
  The ghost of lasso the Destroyer, a novice GnCj of Vehumet (D:9)
  Sonja (D:10)
  Nergalle (D:10)
  2 oklob plants (Lair:2)
  A cyclops (D:9)
  4 centaur zombies
  8 elephants
  A black mamba (Lair:2)
  2 merfolk sirens (Lair:2)
  A torpor snail (Lair:4)
  5 komodo dragons
  3 rime drakes
  8 cane toads
  2 merfolk (Lair:2)
  A hornet (D:9)
  5 blink frogs (Lair:4)
  3 slime creatures (D:10)
  A shadow (D:10)
  A vampire (D:8)
  2 wyverns
  2 basilisks
  A wraith (D:10)
  67 yaks
  A steam dragon (D:7)
  8 water moccasins
  5 ice beasts
  6 orc warriors
  2 sky beasts
  A black bear (Lair:4)
  2 necrophages
  3 ogres
  5 centaurs
  23 wolves
  2 phantoms
  3 scorpions
  12 bullfrogs
  2 gnoll sergeants
  2 water moccasin zombies
  A hornet simulacrum (D:9)
  A killer bee (D:4)
  8 wights
  2 electric eels (D:8)
  A bullfrog zombie (D:7)
  A lava snake (D:8)
  3 jellies
  A hound (D:5)
  A gnoll shaman (D:4)
  A centaur skeleton (D:5)
  6 orc priests (D:10)
  2 iguanas
  9 orc wizards
  A centaur simulacrum (D:9)
  A hound skeleton (D:5)
  A howler monkey zombie (D:7)
  8 adders
  20 gnolls
  2 shadow imps
  4 white imps
  5 worms
  4 dart slugs
  26 orcs
  3 bats
  6 endoplasms
  3 giant cockroaches
  3 hobgoblins
  3 kobolds
  2 quokkas
  6 ball pythons
  6 frilled lizards
  4 rats
352 creatures vanquished.

Vanquished Creatures (others)
  28 fungi
  49 plants
77 creatures vanquished.

Grand Total: 429 creatures vanquished

Notes
Turn   | Place    | Note
-------+----------+-------------------------------------------
     0 | D:1      | Kaptain the Draconian Earth Elementalist began the quest
                  | for the Orb.
     0 | D:1      | Reached XP level 1. HP: 14/14 MP: 3/3
   401 | D:1      | Reached XP level 2. HP: 20/20 MP: 0/5
   495 | D:1      | Found Cemeq's Assorted Antiques.
   970 | D:2      | Reached XP level 3. HP: 22/27 MP: 2/6
  1198 | D:2      | Reached skill level 1 in Fighting
  1198 | D:2      | Reached skill level 1 in Conjurations
  1249 | D:2      | Learned a level 3 spell: Stone Arrow
  1253 | D:2      | Learned a level 3 spell: Swiftness
  1363 | D:2      | Reached XP level 4. HP: 35/35 MP: 5/8
  1834 | D:2      | Found a faded altar of an unknown god.
  2496 | D:3      | Reached XP level 5. HP: 35/40 MP: 3/9
  2589 | D:3      | Noticed a phantom
  2591 | D:3      | Killed a phantom
  2779 | D:3      | Found an opulent altar of Gozag.
  2784 | D:3      | Found a sparkling altar of Nemelex Xobeh.
  2789 | D:3      | Found an ancient bone altar of Kikubaaqudgha.
  2983 | D:3      | Found a snail-covered altar of Cheibriados.
  3232 | D:4      | Noticed a necrophage
  3236 | D:4      | Killed a necrophage
  3237 | D:4      | Reached XP level 6. HP: 48/48 MP: 1/11
  3730 | D:4      | Found a stormy altar of Qazlal.
  4161 | D:4      | Learned a level 3 spell: Mephitic Cloud
  4619 | D:3      | Your scales start taking on an icy white colour.
  4619 | D:3      | Reached XP level 7. HP: 52/56 MP: 8/12
  4619 | D:3      | Gained mutation: Your flesh is cold resistant. (rC+) [White
                  | Draconian growth]
  4676 | D:4      | Learned a level 1 spell: Freeze
  4782 | D:5      | Entered Level 5 of the Dungeon
  4782 | D:5      | Found Tuth's Antique Weapon Shoppe.
  4879 | D:5      | Found Haxtuem's Distillery.
  4952 | D:5      | Identified 2 scrolls of acquirement
  4952 | D:5      | Acquired the Tome of Changing and Confrontation
  5210 | D:5      | Found Ozori's Magic Scroll Shoppe.
  5216 | D:5      | Reached skill level 1 in Ice Magic
  5218 | D:5      | Reached skill level 5 in Earth Magic
  5218 | D:5      | Gained mutation: Your spells are a little easier to cast,
                  | but a little less powerful. [potion of mutation]
  5218 | D:5      | Gained mutation: Your mind is acute. (Int +2) [potion of
                  | mutation]
  5218 | D:5      | Gained mutation: You have sharp toenails. [potion of
                  | mutation]
  5288 | D:5      | Found a staircase to the Ecumenical Temple.
  5312 | Temple   | Entered the Ecumenical Temple
  5476 | D:5      | Found Rownua's Jewellery Shoppe.
  5564 | D:5      | Found Ycroutes's Jewellery Shop.
  5594 | D:5      | Noticed a wyvern
  5599 | D:5      | Killed a wyvern
  5600 | D:5      | Reached XP level 8. HP: 64/64 MP: 5/14
  6458 | D:6      | Found Bitovvek's Jewellery Shoppe.
  6542 | D:6      | Reached skill level 5 in Spellcasting
  6613 | D:6      | Found Danepaur's Weapon Shop.
  6821 | D:6      | Found Dewkym's Antique Armour Boutique.
  7294 | D:7      | Reached XP level 9. HP: 58/58 MP: 9/16
  7419 | D:7      | Lost mutation: Your spells are a little easier to cast, but
                  | a little less powerful. [potion of mutation]
  7419 | D:7      | Lost mutation: Your mind is acute. (Int +2) [potion of
                  | mutation]
  7419 | D:7      | Gained mutation: You have a pair of small antennae on your
                  | head. [potion of mutation]
  7446 | D:7      | Reached skill level 5 in Fighting
  7446 | D:7      | Reached skill level 5 in Conjurations
  9345 | D:8      | Noticed a komodo dragon
  9347 | D:8      | Found a staircase to the Lair.
  9358 | D:8      | Killed a komodo dragon
  9359 | D:8      | Reached XP level 10. HP: 84/84 MP: 12/19
  9501 | D:9      | Found a large runed translucent door.
  9501 | D:9      | Found a large runed translucent door.
  9506 | D:9      | Noticed a naga warrior
  9511 | D:9      | Noticed a two-headed ogre
  9519 | D:9      | Noticed a cyclops
  9521 | D:9      | Noticed a naga warrior
  9527 | D:9      | Killed a cyclops
  9581 | D:9      | Noticed a naga warrior
  9664 | D:9      | Found a runed translucent gate.
  9665 | D:9      | Found a runed translucent gate.
  9666 | D:9      | Found a runed translucent gate.
  9722 | D:9      | Reached skill level 5 in Stealth
  9957 | D:9      | Noticed Harold
  9964 | D:9      | Killed Harold
 10060 | D:9      | You fall into a shaft and drop 1 floor!
 10060 | D:10     | Entered Level 10 of the Dungeon
 10250 | D:9      | Found a basalt altar of Yredelemnul.
 10317 | D:9      | Noticed Erolcha
 10442 | D:9      | Killed Erolcha
 10944 | D:9      | Reached skill level 5 in Dodging
 11094 | D:9      | Noticed lasso's ghost (novice GnCj)
 11241 | D:9      | Killed lasso's ghost
 11242 | D:9      | Reached XP level 11. HP: 68/94 MP: 0/22
 11443 | D:9      | Found an iron altar of Okawaru.
 11448 | D:9      | Killed a two-headed ogre
 11452 | D:9      | Found an iron altar of Okawaru.
 12267 | D:10     | Noticed Sonja
 12272 | D:10     | Killed Sonja
 13408 | D:10     | Noticed Nergalle
 13415 | D:10     | Killed Nergalle
 13533 | D:10     | Found a staircase to the Orcish Mines.
 14379 | Lair:1   | Entered Level 1 of the Lair of Beasts
 15140 | Lair:1   | Reached XP level 12. HP: 89/104 MP: 4/24
 16068 | Lair:1   | Identified the +3 quarterstaff of Ulaot {vorpal, Drain
                  | Dex+6 SInv Stlth+}
 16864 | Lair:2   | Noticed a four-headed hydra
 16872 | Lair:2   | Killed a four-headed hydra
 17135 | Lair:2   | Reached skill level 10 in Fighting
 17137 | Lair:2   | Reached skill level 10 in Earth Magic
 18742 | Lair:2   | Found a staircase to the Shoals.
 18892 | Lair:3   | Noticed a six-headed hydra
 18895 | Lair:3   | Killed a six-headed hydra
 19087 | Lair:3   | Noticed a seven-headed hydra
 19090 | Lair:3   | Killed a seven-headed hydra
 19091 | Lair:3   | Reached XP level 13. HP: 114/114 MP: 16/26
 19333 | Lair:2   | Reached skill level 10 in Conjurations
 19756 | Lair:3   | Found a hole to the Spider Nest.
 21034 | Lair:4   | Reached skill level 1 in Shields
 21039 | Lair:4   | Noticed Nessos
 21673 | Lair:3   | Learned a level 4 spell: Sticky Flame
 22079 | Lair:4   | Reached skill level 10 in Spellcasting
 22307 | Lair:4   | Reached XP level 14. HP: 15/124 MP: 20/28
 22308 | Lair:4   | Killed Nessos
 22308 | Lair:4   | HP: 6/124 [poisoned by Nessos]
 22309 | Lair:4   | Lost mutation: You have a pair of small antennae on your
                  | head. [potion of mutation]
 22309 | Lair:4   | Lost mutation: You have sharp toenails. [potion of
                  | mutation]
 22309 | Lair:4   | Gained mutation: Your tail ends in a poisonous barb.
                  | [potion of mutation]
 22309 | Lair:4   | Gained mutation: Your mind is acute. (Int +2) [potion of
                  | mutation]
 22310 | Lair:4   | HP: 1/124 [poisoned by Nessos]
 22312 | Lair:4   | Lost mutation: Your mind is acute. (Int +2) [potion of
                  | mutation]
 22312 | Lair:4   | Lost mutation: Your tail ends in a poisonous barb. [potion
                  | of mutation]
 22312 | Lair:4   | Gained mutation: You are dopey. (Int -2) [potion of
                  | mutation]
 22312 | Lair:4   | Gained mutation: Your tail ends in a poisonous barb.
                  | [potion of mutation]
 22312 | Lair:4   | Gained mutation: Your spells are a little easier to cast,
                  | but a little less powerful. [potion of mutation]
 22312 | Lair:4   | Gained mutation: You passively map a small area around you.
                  | [potion of mutation]
 22312 | Lair:4   | Succumbed to Nessos's poison

Illustrated notes

Levels and vault maps discovered:
D:1:      psy_arrival_conway, layout_basic, serial_shops,
          nicolae_shop_waterfront
D:2:      layout_basic, dreamdust_ecumenical_altar_angels_and_demons,
          serial_corexii_hall, corexii_hall_statues_l, chequers_hall_statues_y,
          corexii_hall_statues_i, corexii_hall_statues_l,
          hangedman_decor_growths
D:3:      layout_loops_cross, slow_altar_2, minmay_overflow_temple_star_quad,
          grunt_decor_cap
D:4:      wander_river, layout_cave_pods, mainiacjoe_overflow_six_doors_small,
          kennysheep_big_empty_room, minmay_misc_feat_tower,
          minmay_misc_feat_five, minmay_small_thing
D:5:      layout_rooms, minmay_temple_entry_purple_smoke, serial_shops,
          nicolae_stop_n_shop_1, nicolae_stop_n_shop_1,
          nicolae_shop_statue_plus, nicolae_square_shop, shop
D:6:      layout_basic, serial_shops, shop, nicolae_shop_trees,
          nicolae_shop_trees, moated_statue
D:7:      layout_gridville, chequers_serial_rivers_micro_c, lemuel_flame_loot_1
D:8:      layout_loops_ring, david_lair_shrubbed, grunt_ministairs_14,
          chequers_serial_rivers_micro_b, nicolae_lava_and_water
D:9:      okawaru_arena_lexackson, layout_cave_pods, kennysheep_mini,
          gammafunk_ghost_icy, minivault_24, bh_walls_and_bars, uniq_harold,
          uniq_erolcha
D:10:     layout_basic, minmay_orc_entry_temple_large, uniq_sonja, uniq_nergalle
Temple:   regret_index_temple_sphere_string
Lair:1:   layout_loops_ring, serial_forest, infiniplex_forest_lined_2,
          infiniplex_forest_clump_small, infiniplex_forest_lined_2,
          infiniplex_forest_straight_5, infiniplex_forest_straight_3,
          infiniplex_forest_clump_tiny, infiniplex_forest_clump_C,
          infiniplex_forest_clump_double, infiniplex_forest_clump_tiny
Lair:2:   layout_misc_corridors, elwin_shoals_entry_stream,
          chequers_serial_rivers_micro_d, minmay_lair_oklob_chamber
Lair:3:   layout_loops_ring, spider_nest_entry_web_field
Lair:4:   layout_regular_city, grunt_forest_large_clearings, grunt_megastairs_3,
          serial_bayou_shore_b, uniq_nessos

Skill      XL: |  1  2  3  4  5  6  7  8  9 10 11 12 13 |
---------------+----------------------------------------+-----
Stealth        | 2 3 4 5 6 7 |  7.9
Dodging        | 2 3 4 5 6 7 |  7.2
Fighting       | 1 2 3 4 6 7 9 10 11 | 11.5
Conjurations   | 1 2 3 4 6 7 8 9 10 | 10.6
Spellcasting   | 3 4 5 6 7 8 9 10 | 10.3
Earth Magic    | 4 5 6 7 8 9 10 11 | 11.2
Ice Magic      | 1 2 |  2.7
Transmutations | 3 |  3.2
Shields        | 3 |  3.4

Action                   |  1- 3 |  4- 6 |  7- 9 | 10-12 | 13-15 || total
-------------------------+-------+-------+-------+-------+-------++-------
Melee: Staff             |       |       |    29 |       |       ||    29
       Tailslap          |       |       |     7 |    17 |     4 ||    28
       Falchion          |       |       |    30 |    68 |    17 ||   115
 Cast: Sandblast         |    44 |    61 |    90 |   171 |    66 ||   432
       Stone Arrow       |       |    13 |    59 |   221 |   106 ||   399
 Abil: Breathe Frost     |       |       |       |       |     1 ||     1
Evoke: Wand              |       |       |       |     1 |     2 ||     3
  Use: Scroll            |     5 |     1 |    11 |     2 |     5 ||    24
       Potion            |       |       |     4 |     1 |     8 ||    13
 Stab: Sleeping          |       |       |     2 |       |       ||     2
Armor: Skin              |     3 |     7 |    46 |    72 |    75 ||   203
Dodge: Dodged            |    10 |    23 |   119 |   147 |   123 ||   422
       Rpst.: Falchion   |       |       |     7 |    35 |     2 ||    44
